AoeStats
← cairat21

MegaRandom

508733334Analyzed
3v3 RM · 8d ago on Sep 23, 2026· 32m 52s· 6 players
Game mode
Random Map
Map size
Normal (6 player)
Population
200
Speed
Normal
Resources
Standard
Victory
Conquest
Starting age
Dark Age
Ending age
Imperial Age
RankedLock teamsTeams togetherTeam positionsShared explorationLock speedFull tech treeHidden civsTurbo modeCheats
Victory
Defeat
🇦🇩 Portuguese · Andorra
712
+13
🇬🇧 Bohemians · United Kingdom
692
+14
🇪🇬 Huns · Egypt
689
+14
🇦🇷 Khmer · Argentina
727
-16
🇺🇦 Saxons · Ukraine
671
-15
🇺🇸 Saracens · United States
552
-10
gnome
11:27 Feudal Age
9:43 Loom
14:53 Scale Mail Armor
15:25 Double-Bit Axe
23:10 Castle Age
22:10 Wheelbarrow
23:31 Horse Collar
24:06 Bow Saw
24:34 Chain Mail Armor
29:54 Husbandry
29:15 Light Cavalry
31:38 Chemistry
31:01 Ballistics
Weza
0:33 Loom
11:01 Feudal Age
13:08 Double-Bit Axe
20:08 Castle Age
20:42 Fletching
23:21 Wheelbarrow
22:34 Town Watch
23:35 Bodkin Arrow
23:39 Murder Holes
24:57 Forging
25:38 Bow Saw
27:34 Man-at-Arms
27:35 Pikeman
28:05 Arson
29:06 Ballistics
29:42 Squires
30:26 Town Watch
30:38 Stone Mining
32:09 Iron Casting
31:38 Scale Mail Armor
cairat21
13:15 Feudal Age
19:18 Castle Age
17:19 Gold Mining
17:49 Double-Bit Axe
18:11 Horse Collar
19:05 Arson
19:33 Forging
19:48 Gambesons
20:07 Heavy Plow
22:08 Wheelbarrow
22:07 Scale Mail Armor
22:41 Pikeman
24:32 Hand Cart
26:19 Iron Casting
27:07 Stone Mining
28:37 Man-at-Arms
29:10 Fletching
32:04 Stone Shaft Mining
31:21 Long Swordsman
32:44 Town Watch
FROSTY L3M0N
7:34 Loom
15:27 Feudal Age
16:05 Town Watch
16:57 Wheelbarrow
16:16 Double-Bit Axe
16:15 Horse Collar
19:09 Bloodlines
VeSKeR
10:32 Feudal Age
12:33 Wheelbarrow
15:18 Horse Collar
21:25 Castle Age
22:45 Double-Bit Axe
30:51 Gold Mining
GueparflexXx
3:09 Loom
10:12 Feudal Age
11:31 Wheelbarrow
10:44 Double-Bit Axe
14:52 Horse Collar
18:38 Gold Mining
21:16 Castle Age
22:51 Hand Cart
22:47 Bow Saw
22:45 Heavy Plow
25:04 Scale Barding Armor
25:11 Forging
25:50 Gold Shaft Mining
Connection lost

Rejoining the realm…

Still unreachable

The connection could not be restored.

Session expired

The server has moved on; the page needs a fresh start.